[Event "Titled Tuesday Blitz March 22 Late 2022"]
[White "Tregubov, Pavel V."]
[Black "Fieberg, Samuel"]
[WhiteFideId "4115341"]
[BlackFideId "12901717"]
[WhiteElo "2341"]
[BlackElo "2458"]
[Result "1/2-1/2"]
[Round "05"]
[TimeControl "180+1"]
[Date "2022.03.22"]
[WhiteClock "0:00:09"]
[BlackClock "0:00:11"]

1. e4 e5 2. Nf3 Nc6 3. Bb5 Nf6 4. d4 Nxd4 5. Nxd4 c6 6. Bc4 exd4 7. Qxd4 Qb6 8. Qe5+ Be7 9. O-O d6 10. Qg3 O-O 11. Nc3 Qc7 12. Bh6 Nh5 13. Qf3 Nf6 14. Bf4 Be6 15. Bb3 Nd7 16. Rad1 Ne5 17. Qg3 Bxb3 18. axb3 Rad8 19. Ne2 Bf6 20. Nd4 g6 21. Bh6 Bg7 22. Bxg7 Kxg7 23. Nf5+ Kg8 24. Nxd6 Rxd6 25. Qxe5 Rfd8 26. h4 Qd7 27. Rxd6 Qxd6 28. Qc3 Qf4 29. h5 Qxe4 30. h6 Qd4 31. Qf3 Qe5 32. Rd1 Rxd1+ 33. Qxd1 Qe7 34. Qd4 f6 35. Qxa7 Qe1+ 36. Kh2 Qe5+ 37. g3 Qh5+ 38. Kg2 Qd5+ 39. f3 Qd2+ 40. Qf2 Qxh6 41. Qd4 Qg7 42. b4 Qe7 43. Kf2 Kf7 44. b5 c5 45. Qd5+ Kg7 46. b6 h5 47. c4 Kh6 48. Qd2+ g5 49. Qd5 Qe5 50. Qxb7 Qxb2+ 51. Ke3 Qc3+ 52. Kf2 Qd2+ 53. Kf1 Qd1+ 54. Kf2 Qd2+ 55. Kf1 Qd1+ 56. Kf2 Qd2+ 1/2-1/2


[Site "https://www.chess.com"]

[Event "Titled Tuesday Blitz March 22 Late 2022"]
[White "Van den Dikkenberg, Erik"]
[Black "P., Komal Kishore"]
[WhiteFideId "1005880"]
[BlackFideId "5016703"]
[WhiteElo "2118"]
[BlackElo "2065"]
[Result "1-0"]
[Round "05"]
[TimeControl "180+1"]
[Date "2022.03.22"]
[WhiteClock "0:00:25"]
[BlackClock "0:00:02"]

1. e4 c6 2. d4 d5 3. exd5 cxd5 4. Bd3 Nc6 5. c3 Nf6 6. f4 g6 7. Nf3 Bg7 8. O-O Bg4 9. Nbd2 O-O 10. Qe1 Bxf3 11. Nxf3 e6 12. Ne5 Qc7 13. Qh4 Nd7 14. Be3 a6 15. Kh1 b5 16. Rf3 Bf6 17. Qh3 Rfb8 18. Ng4 Bg7 19. Nh6+ Kf8 20. Nxf7 Kxf7 21. Qxh7 Ne7 22. f5 exf5 23. Bf4 Qc6 24. Bxb8 Rxb8 25. Qh4 Rh8 26. Qf2 Nf6 27. Rf4 Qc7 28. h3 g5 29. Rxf5 Nxf5 30. Qxf5 g4 31. Qg6+ Kf8 32. Bf5 Qg3 33. Bxg4 Nxg4 34. Rf1+ Nf2+ 35. Rxf2+ Qxf2 36. Qd6+ Kg8 37. Qxd5+ Qf7 38. Qd8+ Bf8 39. Qg5+ Kh7 40. Qh4+ Kg7 41. Qg5+ Qg6 42. Qe5+ Kh7 43. Qc7+ Bg7 44. Qf4 Rf8 45. Qh4+ Kg8 46. Kh2 Qf7 47. Qe4 Qf4+ 48. Qxf4 Rxf4 49. Kg3 Rf6 50. Kg4 Kf7 51. g3 Rg6+ 52. Kf3 Bh6 53. g4 Bc1 54. h4 Kf6 55. g5+ Bxg5 56. hxg5+ Rxg5 57. Ke4 Ke6 58. b3 Kd6 59. a4 Rg2 60. c4 b4 61. c5+ Kc6 62. Kd3 Rg3+ 63. Kc4 Rc3+ 64. Kxb4 Rd3 65. Kc4 Rd1 66. b4 Rc1+ 67. Kd3 Rd1+ 68. Kc4 Rc1+ 69. Kd3 Rd1+ 70. Ke4 Rc1 71. d5+ Kc7 72. Ke5 Rc4 73. d6+ Kc6 74. Ke6 Re4+ 75. Kf5 Rxb4 76. Ke6 Rd4 77. Ke5 1-0


[Site "https://www.chess.com"]

[Event "Titled Tuesday Blitz March 22 Late 2022"]
[White "Vasquez Schroeder, Rodrigo"]
[Black "Kollars, Dmitrij"]
[WhiteFideId "3400042"]
[BlackFideId "12909572"]
[WhiteElo "2561"]
[BlackElo "2584"]
[Result "1-0"]
[Round "05"]
[TimeControl "180+1"]
[Date "2022.03.22"]
[WhiteClock "0:00:46"]
[BlackClock "0:00:10"]

1. e4 c5 2. Nf3 d6 3. d4 cxd4 4. Nxd4 Nf6 5. Nc3 Nc6 6. Bg5 e6 7. Qd2 a6 8. O-O-O Bd7 9. f4 h6 10. Bh4 Be7 11. Nf3 Qc7 12. Bxf6 Bxf6 13. Qxd6 Qxd6 14. Rxd6 g5 15. g3 gxf4 16. gxf4 Rg8 17. Bh3 Be7 18. Rd3 Nb4 19. Rd2 Bc5 20. Re1 Ke7 21. a3 Nc6 22. e5 Ba7 23. Ne4 Rac8 24. c3 Rgd8 25. Kc2 Na5 26. Nd6 Ba4+ 27. Kb1 Rc7 28. Nd4 Nc4 29. Nxc4 Rxc4 30. Re4 Rc7 31. Kc1 Rg8 32. Rg2 Rd8 33. Rd2 Rg8 34. Re1 Rd7 35. f5 exf5 36. Nxf5+ Kf8 37. Nd6 Rc7 38. Kb1 Rg5 39. Nf5 Bd7 40. Rf1 Rh5 41. Bg4 Rg5 42. Bh3 Rh5 43. Rd3 Be6 44. Rd8# 1-0


[Site "https://www.chess.com"]

[Event "Titled Tuesday Blitz March 22 Late 2022"]
[White "Vifleemskaia, Svetlana"]
[Black "Villegas, Pierre"]
[WhiteFideId "4129490"]
[BlackFideId "654183"]
[WhiteElo "1901"]
[BlackElo "2395"]
[Result "0-1"]
[Round "05"]
[TimeControl "180+1"]
[Date "2022.03.22"]
[WhiteClock "0:00:03"]
[BlackClock "0:00:18"]

1. d4 Nf6 2. c4 e6 3. Nc3 Bb4 4. e3 O-O 5. Ne2 c6 6. a3 Ba5 7. b4 Bc7 8. f4 d5 9. c5 Nbd7 10. Ng3 a5 11. Bd2 e5 12. fxe5 Nxe5 13. dxe5 Bxe5 14. Ra2 Ng4 15. Qf3 Qh4 16. Bd3 Nxh2 17. Kf2 Nxf3 18. Rxh4 Nxh4 19. b5 f5 20. Nce2 Bd7 21. a4 Ng6 22. Nh5 f4 23. exf4 Bg4 24. Bxg6 hxg6 25. Nhg3 g5 26. f5 Bxf5 27. Nxf5 Rxf5+ 28. Ke3 Re8 29. Kd3 Rf2 30. Bxa5 Rxg2 31. bxc6 bxc6 32. Bd2 Bb8 33. Nd4 Ba7 34. Nxc6 Bxc5 35. a5 Re6 0-1


[Site "https://www.chess.com"]

[Event "Titled Tuesday Blitz March 22 Late 2022"]
[White "Vine, Elzbieta"]
[Black "Romanchuk, Viktor"]
[WhiteFideId "1119320"]
[BlackFideId "14109271"]
[WhiteElo "1833"]
[BlackElo "2242"]
[Result "0-1"]
[Round "05"]
[TimeControl "180+1"]
[Date "2022.03.22"]
[WhiteClock "0:00:01"]
[BlackClock "0:00:42"]

1. e4 e6 2. d4 d5 3. exd5 exd5 4. Bd3 c5 5. c3 c4 6. Bc2 Bd6 7. h3 Ne7 8. Nf3 O-O 9. O-O Bf5 10. Bg5 f6 11. Be3 Nbc6 12. Nbd2 b5 13. Re1 Qd7 14. Nf1 a5 15. Ng3 Bxc2 16. Qxc2 Bxg3 17. fxg3 Qf5 18. Qd2 Rfe8 19. Rf1 Qd7 20. Rae1 Nf5 21. Bf4 Rxe1 22. Rxe1 g5 23. Bxg5 fxg5 24. Qxg5+ Ng7 25. Nh4 Rf8 26. g4 Kh8 27. Nf5 Nxf5 28. gxf5 Qxf5 29. Qg3 b4 30. cxb4 axb4 31. Kh1 Nxd4 32. Qd6 c3 33. Qxb4 Qf2 34. Qxc3 Rf6 35. Rd1 Ne2 36. Qc8+ Rf8 37. Qc7 d4 38. Qe5+ Rf6 39. Qb8+ Kg7 40. Qc7+ Kg6 0-1


[Site "https://www.chess.com"]

[Event "Titled Tuesday Blitz March 22 Late 2022"]
[White "Vovk, Orest"]
[Black "Barp, Alberto"]
[WhiteFideId "14113490"]
[BlackFideId "872555"]
[WhiteElo "2203"]
[BlackElo "2229"]
[Result "1-0"]
[Round "05"]
[TimeControl "180+1"]
[Date "2022.03.22"]
[WhiteClock "0:00:08"]
[BlackClock "0:00:10"]

1. d4 d5 2. Nf3 e6 3. Bg5 f6 4. Bf4 c5 5. e3 Nc6 6. Be2 Bd6 7. Bxd6 Qxd6 8. Nc3 a6 9. O-O Nge7 10. e4 cxd4 11. Nxd4 e5 12. Nxc6 bxc6 13. exd5 cxd5 14. f4 exf4 15. Bf3 Be6 16. Re1 Rd8 17. Qe2 Kf7 18. Rad1 Rhe8 19. Qd3 Bf5 20. Rxe7+ Qxe7 21. Qxf5 Qe3+ 22. Kf1 g6 23. Qd3 Qc5 24. Nxd5 Re5 25. c4 Kg7 26. b4 Qf8 27. c5 Qf7 28. a4 g5 29. h3 h5 30. g4 fxg3 31. b5 axb5 32. axb5 g4 33. hxg4 hxg4 34. Bg2 Qh5 35. Qxg3 Rf5+ 36. Kg1 Qg5 37. Qc7+ Kh6 38. Qxd8 Re5 39. Qh8+ Kg6 40. Qg8+ Kh5 41. Qxg5+ Kxg5 42. c6 1-0


[Site "https://www.chess.com"]

[Event "Titled Tuesday Blitz March 22 Late 2022"]
[White "Vusatiuk, Vladimir"]
[Black "Tanenbaum, Zachary"]
[WhiteFideId "14118610"]
[BlackFideId "2060850"]
[WhiteElo "2157"]
[BlackElo "2168"]
[Result "0-1"]
[Round "05"]
[TimeControl "180+1"]
[Date "2022.03.22"]
[WhiteClock "0:00:02"]
[BlackClock "0:00:04"]

1. d4 d5 2. c4 Bf5 3. cxd5 Bxb1 4. Qa4+ c6 5. dxc6 Nxc6 6. Rxb1 e5 7. e3 Bb4+ 8. Bd2 Bxd2+ 9. Kxd2 exd4 10. exd4 Qg5+ 11. Kc2 Qf5+ 12. Bd3 Qxf2+ 13. Ne2 O-O-O 14. Rhf1 Qxg2 15. Rbc1 Rxd4 16. Qb5 a6 17. Qf5+ Kb8 18. Kb1 Rd5 19. Qf4+ Ka8 20. Rg1 Qh3 21. Bxa6 bxa6 22. Rxc6 Qd3+ 23. Ka1 Ne7 24. Rc7 Qxe2 25. Qb4 Rd1+ 26. Rc1 Rxg1 27. Rf1 Rxf1+ 28. Qe1 Rxe1# 0-1


[Site "https://www.chess.com"]

[Event "Titled Tuesday Blitz March 22 Late 2022"]
[White "Weetik, Vjacheslav"]
[Black "Estrada Nieto, Julian"]
[WhiteFideId "4153472"]
[BlackFideId "5101018"]
[WhiteElo "2469"]
[BlackElo "2246"]
[Result "1/2-1/2"]
[Round "05"]
[TimeControl "180+1"]
[Date "2022.03.22"]
[WhiteClock "0:00:19"]
[BlackClock "0:00:11"]

1. e4 e5 2. Nf3 Nc6 3. Nc3 Nf6 4. Bb5 Bb4 5. O-O O-O 6. d3 Bxc3 7. bxc3 d6 8. Re1 Qe7 9. d4 Bg4 10. h3 Bh5 11. g4 Bg6 12. Nh4 Nd7 13. Nf5 Bxf5 14. exf5 Qh4 15. Kg2 Rad8 16. Be3 d5 17. Qf3 e4 18. Qg3 Qxg3+ 19. Kxg3 Nb6 20. Bf4 Rc8 21. f3 exf3 22. Kxf3 Rfe8 23. Rxe8+ Rxe8 24. Bxc7 Rc8 25. Bxb6 axb6 26. Rb1 Na5 27. Bd3 Rc6 28. Rb5 Rd6 29. g5 Kf8 30. Kf4 f6 31. h4 Ke7 32. Be2 Kd7 33. a4 Kc6 34. Rb1 Rd8 35. Bb5+ Kc7 36. Re1 Nc6 37. Re6 Rd6 38. Bxc6 bxc6 39. Re7+ Rd7 40. Re8 Rd8 41. Rxd8 Kxd8 42. gxf6 gxf6 43. Kg4 Ke7 44. Kh5 Kf7 45. Kh6 Kg8 46. Kh5 Kg7 47. Kg4 Kh6 48. Kf4 Kh5 49. Kg3 Kh6 50. Kg4 Kg7 51. Kh5 Kg8 52. Kh6 Kh8 53. Kh5 Kg7 54. Kg4 Kh6 55. Kf4 Kg7 56. Kf3 Kh6 57. Ke3 Kh5 58. Kd3 Kxh4 59. c4 Kg4 60. cxd5 cxd5 61. c4 dxc4+ 62. Kxc4 Kxf5 63. Kd5 h5 64. Kc6 h4 65. d5 h3 66. d6 h2 67. d7 h1=Q+ 68. Kc7 Qd5 69. d8=Q Qxd8+ 70. Kxd8 Ke4 71. Kc7 f5 72. Kxb6 f4 73. a5 f3 74. a6 f2 75. a7 f1=Q 76. a8=Q+ Ke3 77. Qe8+ Kf2 78. Qf7+ Ke1 79. Qe6+ Qe2 80. Qxe2+ Kxe2 1/2-1/2


[Site "https://www.chess.com"]

[Event "Titled Tuesday Blitz March 22 Late 2022"]
[White "Wieczorek, Oskar"]
[Black "Cappai, Davide"]
[WhiteFideId "1133950"]
[BlackFideId "813338"]
[WhiteElo "2319"]
[BlackElo "2295"]
[Result "1-0"]
[Round "05"]
[TimeControl "180+1"]
[Date "2022.03.22"]
[WhiteClock "0:00:21"]
[BlackClock "0:00:26"]

1. e4 c5 2. Nf3 g6 3. Bc4 Bg7 4. d3 Nc6 5. c3 d6 6. O-O e6 7. Bb3 Nge7 8. Re1 e5 9. Nbd2 O-O 10. Nc4 h6 11. a4 Be6 12. Ne3 Qd7 13. Bxe6 Qxe6 14. a5 f5 15. Qa4 f4 16. Qc4 Qxc4 17. Nxc4 Rfd8 18. Kf1 g5 19. h3 Kf7 20. Ke2 Bf6 21. Bd2 Rd7 22. g4 Rh8 23. b4 Ke6 24. bxc5 dxc5 25. Reb1 Rc8 26. Rb5 Nd8 27. Rab1 Rdc7 28. Bc1 Ng6 29. Ba3 Be7 30. Ne1 Rd7 31. Nc2 Rc6 32. Ne1 Rc8 33. Nf3 Rc6 34. Nfd2 Rdc7 35. Nb2 Kd7 36. Ndc4 Kc8 37. Na4 Ne6 38. Nab2 Rd7 39. Nd2 Rdc7 40. Nbc4 Rd7 41. Nf3 Bf6 42. Rxb7 Rxb7 43. Ra1 Rb8 44. Bc1 Rb2+ 45. Bxb2 Rb6 46. axb6 Nc7 47. bxc7 1-0


[Site "https://www.chess.com"]

[Event "Titled Tuesday Blitz March 22 Late 2022"]
[White "Winkels, Marcel"]
[Black "Havas, Ladislav"]
[WhiteFideId "1003887"]
[BlackFideId "14501090"]
[WhiteElo "1900"]
[BlackElo "2206"]
[Result "1-0"]
[Round "05"]
[TimeControl "180+1"]
[Date "2022.03.22"]
[WhiteClock "0:00:42"]
[BlackClock "0:00:31"]

1. e4 Nf6 2. e5 Nd5 3. d4 d6 4. Nf3 Bg4 5. Be2 c6 6. Ng5 Bf5 7. Bd3 Bxd3 8. Qxd3 e6 9. exd6 Bxd6 10. Ne4 O-O 11. c3 Bc7 12. O-O Nd7 13. Bg5 Qc8 14. Nbd2 Bf4 15. Nf3 Qc7 16. Bxf4 Nxf4 17. Qd2 Ng6 18. g3 Rad8 19. h4 Ne7 20. Qc2 e5 21. Neg5 g6 22. Rfe1 h6 23. Ne4 exd4 24. Nxd4 Ne5 25. Qe2 Kg7 26. Nc5 Kf6 27. f4 Nd5 28. Qxe5+ Qxe5 29. fxe5+ Kg7 30. e6 f5 31. e7 1-0


[Site "https://www.chess.com"]

[Event "Titled Tuesday Blitz March 22 Late 2022"]
[White "Zherebtsova, Alexandra"]
[Black "Mangialardo, Tiago Carvalho"]
[WhiteFideId "24129518"]
[BlackFideId "2130718"]
[WhiteElo "2025"]
[BlackElo "2098"]
[Result "1-0"]
[Round "05"]
[TimeControl "180+1"]
[Date "2022.03.22"]
[WhiteClock "0:00:14"]
[BlackClock "0:00:01"]

1. d4 d5 2. Nf3 Nf6 3. c4 e6 4. e3 Be7 5. Nbd2 O-O 6. Bd3 dxc4 7. Nxc4 Nbd7 8. O-O c5 9. dxc5 Nxc5 10. Be2 Bd7 11. Nce5 Qc7 12. b3 Rfd8 13. Qc2 Rac8 14. Bb2 Nce4 15. Qxc7 Rxc7 16. Bd4 b6 17. Nxd7 Nxd7 18. Bb5 Nb8 19. Rac1 Rdc8 20. Rxc7 Rxc7 21. Be5 Bd6 22. Bd4 Bc5 23. Bb2 a6 24. Bd3 Nf6 25. Rc1 b5 26. Be5 Rc8 27. Bxb8 Rxb8 28. Rxc5 Rd8 29. Be2 Ne4 30. Rc2 g5 31. Kf1 g4 32. Ne5 f5 33. f3 Nd2+ 34. Ke1 Nb1 35. Rc1 Na3 36. Rc6 g3 37. hxg3 Kg7 38. Rxe6 b4 39. Rxa6 Nc2+ 40. Kf2 Rd2 41. Rb6 1-0


[Site "https://www.chess.com"]

[Event "Titled Tuesday Blitz March 22 Late 2022"]
[White "Zhou, Qiyu"]
[Black "Petesch, Gabriel"]
[WhiteFideId "505161"]
[BlackFideId "2032465"]
[WhiteElo "1925"]
[BlackElo "2374"]
[Result "0-1"]
[Round "05"]
[TimeControl "180+1"]
[Date "2022.03.22"]
[WhiteClock "0:00:18"]
[BlackClock "0:00:17"]

1. e4 e5 2. Nf3 d6 3. d4 exd4 4. Nxd4 Nc6 5. Nc3 Nf6 6. g3 Nxd4 7. Qxd4 Be7 8. Bg2 O-O 9. O-O c6 10. Bg5 h6 11. Bf4 Be6 12. Rad1 Qa5 13. a3 Rad8 14. Qd2 Ng4 15. h3 Ne5 16. Qc1 Qc7 17. b3 Ng6 18. Be3 f5 19. f4 fxe4 20. Nxe4 d5 21. Nc5 Bxc5 22. Bxc5 Rf7 23. Rde1 Bc8 24. Re2 b6 25. Bf2 Ba6 26. c4 dxc4 27. bxc4 c5 28. Rfe1 Bb7 29. Qc2 Nf8 30. Bxb7 Qxb7 31. Re8 Rxe8 32. Rxe8 Qd7 33. Qe2 Qxh3 34. Qe6 Qxe6 0-1


[Site "https://www.chess.com"]

[Event "Titled Tuesday Blitz March 22 Late 2022"]
[White "Abdrlauf, Elham"]
[Black "Andreikin, Dmitry"]
[WhiteFideId "1533533"]
[BlackFideId "4158814"]
[WhiteElo "2334"]
[BlackElo "2736"]
[Result "0-1"]
[Round "06"]
[TimeControl "180+1"]
[Date "2022.03.22"]
[WhiteClock "0:00:02"]
[BlackClock "0:01:03"]

1. e4 c5 2. Nf3 e6 3. c3 Nf6 4. e5 Nd5 5. Bc4 Nc6 6. O-O Nb6 7. Bb3 c4 8. Bc2 g5 9. d4 cxd3 10. Bxd3 g4 11. Nd4 Nxe5 12. Re1 d6 13. Bf1 h5 14. Nd2 Nd5 15. Ne4 Be7 16. c4 Nf6 17. Nxf6+ Bxf6 18. Nb5 O-O 19. Nxd6 Bg7 20. Be3 Ng6 21. Nxc8 Rxc8 22. Qb3 b6 23. Rad1 Qf6 24. Qa4 Nh4 25. Qxa7 Nf5 26. Bxb6 Ra8 27. Qd7 Qxb2 28. Qb5 Rxa2 29. Qxb2 Rxb2 30. Rb1 Rb8 31. Rxb2 Bxb2 32. c5 Bd4 33. Bd3 Ne7 34. Rb1 Nd5 35. Ba7 Rc8 36. Rc1 Ra8 37. Bb6 Ra2 38. Rf1 Nxb6 39. cxb6 Bxb6 40. g3 Rd2 41. Be4 f5 42. Bg2 Kf7 43. h3 Kf6 44. hxg4 hxg4 45. Bc6 e5 46. Kg2 f4 47. gxf4 exf4 48. Bb7 Kg5 49. Ba8 Rc2 50. Be4 Re2 51. Bd5 Bc5 52. Bc6 Rd2 53. Bb7 Rd3 54. Be4 f3+ 55. Kg1 Rd2 56. Bc6 Kf4 57. Bb7 g3 58. Ba8 g2 59. Rb1 Bxf2+ 60. Kh2 g1=Q+ 0-1


[Site "https://www.chess.com"]

[Event "Titled Tuesday Blitz March 22 Late 2022"]
[White "Al-Tarboush, Ward"]
[Black "Smirnov, Pavel"]
[WhiteFideId "7601450"]
[BlackFideId "4123425"]
[WhiteElo "2276"]
[BlackElo "2545"]
[Result "0-1"]
[Round "06"]
[TimeControl "180+1"]
[Date "2022.03.22"]
[WhiteClock "0:00:02"]
[BlackClock "0:00:11"]

1. e4 e5 2. Nf3 Nc6 3. Bb5 a6 4. Ba4 Nf6 5. O-O Be7 6. Qe2 b5 7. Bb3 O-O 8. c3 d5 9. d3 h6 10. Rd1 Re8 11. Nbd2 Be6 12. Nf1 Qd7 13. Ng3 Rad8 14. Be3 d4 15. Bxe6 Qxe6 16. cxd4 Nxd4 17. Nxd4 exd4 18. Bf4 c5 19. Nf5 Bf8 20. b3 Kh7 21. Qf3 g6 22. Ng3 Bg7 23. Bd2 Nd7 24. Rac1 Ne5 25. Qe2 c4 26. bxc4 bxc4 27. dxc4 d3 28. Qf1 Nxc4 29. Bb4 Nb2 30. Rd2 Qxa2 31. Bc3 Bxc3 32. Rxc3 Qa5 33. Qc1 Na4 34. Rcxd3 Rxd3 35. Rxd3 Qb5 36. Rd5 Qb3 37. h4 Nc3 38. Rd6 a5 39. Kh2 Nxe4 40. Nxe4 Rxe4 41. g3 h5 42. Rd8 Qe6 43. Qa1 Qe5 44. Qa2 Qf5 45. Qb2 Qe5 46. Qa2 Kg7 47. Rd7 Qf6 48. Ra7 Re5 49. Ra6 Qxa6 50. Qb2 Qf6 0-1


[Site "https://www.chess.com"]

[Event "Titled Tuesday Blitz March 22 Late 2022"]
[White "Altman, Joshua"]
[Black "Kujawski, Adam"]
[WhiteFideId "426210"]
[BlackFideId "1100920"]
[WhiteElo "1945"]
[BlackElo "2053"]
[Result "1-0"]
[Round "06"]
[TimeControl "180+1"]
[Date "2022.03.22"]
[WhiteClock "0:00:14"]
[BlackClock "0:00:02"]

1. d4 Nf6 2. c4 e6 3. Nf3 c5 4. d5 exd5 5. cxd5 d6 6. Nc3 g6 7. Bf4 a6 8. a4 Bg7 9. e3 O-O 10. h3 Qe7 11. Nd2 Nbd7 12. Be2 Ne5 13. O-O Rb8 14. Re1 Bd7 15. Bg3 g5 16. Bf1 h6 17. f4 Ng6 18. fxg5 hxg5 19. Nc4 Ne8 20. a5 Ne5 21. Nxe5 Bxe5 22. Bxe5 Qxe5 23. Qf3 Kg7 24. Bd3 f5 25. Rf1 Nf6 26. Rae1 Nh7 27. Qe2 Rf6 28. Rf2 Rbf8 29. Ref1 Rh6 30. Nd1 Rhf6 31. Qc2 Be8 32. Nc3 Bd7 33. e4 f4 34. Nb1 g4 35. hxg4 Bxg4 36. Nd2 Ng5 37. Qc3 Qxc3 38. bxc3 Nf7 39. Nc4 Ne5 40. Nxe5 dxe5 41. Rb1 R6f7 42. Rfb2 Rb8 43. Bxa6 f3 44. gxf3 Bxf3 45. Bxb7 Bxe4 46. a6 Rf6 47. a7 Rd8 48. a8=Q Rxa8 49. Bxa8 Rg6+ 50. Kf2 Bxb1 51. Rxb1 Ra6 52. Bc6 Ra2+ 53. Ke3 Rh2 54. Rb7+ Kf6 55. Rd7 Rh4 56. Kd2 e4 57. Rd6+ Ke5 58. Re6+ Kf4 59. d6 Rh2+ 60. Kc1 Rh8 61. Rxe4+ Kf5 62. d7 Rd8 63. Re8 Rxd7 64. Bxd7+ Kf6 65. Rc8 1-0


[Site "https://www.chess.com"]

[Event "Titled Tuesday Blitz March 22 Late 2022"]
[White "Ansh M Shah"]
[Black "Sanchez Alvares, Kelvin Antonio"]
[WhiteFideId "25033379"]
[BlackFideId "3906680"]
[WhiteElo "1819"]
[BlackElo "2193"]
[Result "1-0"]
[Round "06"]
[TimeControl "180+1"]
[Date "2022.03.22"]
[WhiteClock "0:00:17"]
[BlackClock "0:01:22"]

1. d4 d5 2. c4 c6 3. cxd5 cxd5 4. Nc3 Nc6 5. Bf4 e5 6. dxe5 d4 7. Ne4 Bf5 8. Ng3 Bg6 9. a3 Qb6 10. Nf3 Qxb2 11. Qc1 Qxc1+ 12. Bxc1 Nge7 13. e3 dxe3 14. Bxe3 Nd5 15. Bd2 Bc5 16. Bb5 O-O 17. Bxc6 bxc6 18. O-O Bb6 19. Rfc1 Rfc8 20. a4 a5 21. Nh4 Bd3 22. Ra3 Ba6 23. Nhf5 g6 24. Nd6 Rc7 25. Nc4 Bc5 26. Rb3 Bb4 27. Bxb4 axb4 28. Ne4 Bxc4 29. Rxc4 Rxa4 30. g3 Ra3 31. Rxa3 bxa3 32. Ra4 c5 33. Rxa3 c4 34. Ra2 Nb4 35. Rb2 Nd3 36. Rc2 Nxe5 37. Nf6+ Kg7 38. Ne8+ 1-0


[Site "https://www.chess.com"]

[Event "Titled Tuesday Blitz March 22 Late 2022"]
[White "Antonio, Jorge Carlos"]
[Black "Horak, Martin"]
[WhiteFideId "113190"]
[BlackFideId "367095"]
[WhiteElo "2247"]
[BlackElo "1997"]
[Result "0-1"]
[Round "06"]
[TimeControl "180+1"]
[Date "2022.03.22"]
[WhiteClock "0:00:08"]
[BlackClock "0:00:03"]

1. d4 Nf6 2. Nf3 c5 3. e3 g6 4. c3 Bg7 5. dxc5 O-O 6. b4 a5 7. a3 b6 8. cxb6 Qxb6 9. Qd4 Qc7 10. b5 d5 11. a4 Nbd7 12. Ba3 Re8 13. Be2 Nb6 14. Qc5 Qd8 15. O-O Ne4 16. Qc6 Bd7 17. Qb7 Nxa4 18. Qxd5 Naxc3 19. Nxc3 Nxc3 20. Qc4 Nxe2+ 21. Qxe2 Bxa1 22. Rxa1 Qb6 23. h3 Qxb5 24. Qxb5 Bxb5 25. Nd4 Bd7 26. Rc1 e5 27. Nf3 Rac8 28. Rd1 Bc6 29. Rd6 Bxf3 30. gxf3 Rc3 31. Bb2 Rb3 32. Rd2 a4 33. f4 a3 34. Bxe5 Ra8 35. h4 a2 36. h5 a1=Q+ 37. Bxa1 Rxa1+ 38. Kg2 Ra8 39. h6 Rbb8 40. Kf3 Rd8 41. Rc2 Rac8 42. Kg4 Re8 43. Rb2 Red8 44. Rb7 Rc6 45. e4 Rcd6 46. f3 R6d7 47. Rb6 f6 48. f5 gxf5+ 49. Kxf5 Rd6 50. Rb7 R6d7 51. Rb6 Rf7 52. f4 Re8 53. Rd6 Ref8 54. Rb6 Ra8 55. Rb3 Ra5+ 56. Kg4 Re7 57. Rb8+ Kf7 58. Rh8 Kg6 59. Rf8 Ra6 60. f5+ Kxh6 61. Kf4 Kg7 62. Rc8 Ra4 63. Rc3 Raxe4+ 64. Kf3 Kh6 65. Rc2 Re3+ 66. Kg4 R7e4# 0-1


[Site "https://www.chess.com"]

[Event "Titled Tuesday Blitz March 22 Late 2022"]
[White "Antonova, Nadezhda"]
[Black "Vine, Elzbieta"]
[WhiteFideId "14700182"]
[BlackFideId "1119320"]
[WhiteElo "1751"]
[BlackElo "1833"]
[Result "1-0"]
[Round "06"]
[TimeControl "180+1"]
[Date "2022.03.22"]
[WhiteClock "0:00:41"]
[BlackClock "0:00:04"]

1. Nf3 d5 2. b3 c5 3. Bb2 Nc6 4. e3 Nf6 5. Bb5 Bg4 6. h3 Bh5 7. g4 Bg6 8. Ne5 Qc7 9. d3 a6 10. Bxc6+ bxc6 11. h4 d4 12. exd4 cxd4 13. Bxd4 c5 14. Bc3 c4 15. bxc4 e6 16. h5 Bd6 17. Qe2 Bxe5 18. Qxe5 Qxe5+ 19. Bxe5 Nxg4 20. Bxg7 Rg8 21. hxg6 hxg6 22. Rh8 Rxh8 23. Bxh8 Kd7 24. Bc3 Rb8 25. Nd2 e5 26. Ke2 f6 27. f3 Nh6 28. Rh1 Nf7 29. Rh7 Ke6 30. Ne4 Rc8 31. Rg7 g5 32. Rg6 Ke7 33. Rxf6 Rh8 34. Bb4+ Ke8 35. Rxf7 Kxf7 36. Nxg5+ Kg6 37. Ne4 Rh2+ 38. Nf2 Kf5 39. a4 Kf4 40. Bd2+ Kg3 41. Be3 Rg2 42. a5 Rh2 43. Bb6 Rg2 44. c3 Rh2 45. Kf1 Kxf3 46. Ke1 Rg2 47. Ne4 Rh2 48. c5 Rh1+ 49. Kd2 Rh2+ 50. Kc1 Rh1+ 51. Kc2 Rh2+ 52. Kb3 Ke2 53. Kc4 Rh4 54. c6 Rh8 55. c7 Rg8 56. Nd6 Rg4+ 57. Kd5 1-0


[Site "https://www.chess.com"]

[Event "Titled Tuesday Blitz March 22 Late 2022"]
[White "Arabidze, Meri"]
[Black "Debray, Christopher"]
[WhiteFideId "13604040"]
[BlackFideId "630810"]
[WhiteElo "2335"]
[BlackElo "2393"]
[Result "1-0"]
[Round "06"]
[TimeControl "180+1"]
[Date "2022.03.22"]
[WhiteClock "0:02:47"]
[BlackClock "0:00:44"]

1. Nf3 d5 2. g3 Nf6 3. Bg2 Bf5 4. O-O e6 5. d3 Be7 6. Nbd2 O-O 7. Nh4 Bg6 8. Nxg6 hxg6 9. e4 c5 10. e5 Nfd7 11. f4 Nc6 12. Nf3 Qb6 13. Kh1 Rac8 14. c3 f6 15. Qe2 fxe5 16. fxe5 Rf5 17. Bh3 Rff8 18. Bxe6+ Kh8 19. Bxd7 1-0


[Site "https://www.chess.com"]

[Event "Titled Tuesday Blitz March 22 Late 2022"]
[White "Aravindh, Chithambaram VR."]
[Black "Sarana, Alexey"]
[WhiteFideId "5072786"]
[BlackFideId "24133795"]
[WhiteElo "2561"]
[BlackElo "2666"]
[Result "0-1"]
[Round "06"]
[TimeControl "180+1"]
[Date "2022.03.22"]
[WhiteClock "0:00:03"]
[BlackClock "0:00:04"]

1. b3 Nf6 2. Bb2 d5 3. Nf3 Bf5 4. e3 e6 5. c4 h6 6. Nc3 Be7 7. d4 O-O 8. Bd3 Bxd3 9. Qxd3 dxc4 10. bxc4 c5 11. d5 exd5 12. cxd5 Nc6 13. e4 Nb4 14. Qe2 c4 15. O-O Nd3 16. Rad1 Re8 17. Ne1 Nxb2 18. Qxb2 Bc5 19. Nf3 Nxe4 20. Nxe4 Rxe4 21. Qxb7 Rb8 22. Qa6 Qb6 23. Qa4 Qd6 24. Nd2 Rd4 25. Nxc4 Qxd5 26. Ne3 Rxa4 27. Nxd5 Rxa2 28. Rc1 Bd6 29. Rcd1 Kh7 30. Nf6+ gxf6 31. Rxd6 Kg6 32. g3 a5 33. Kg2 a4 34. Rd4 a3 35. Ra4 Rbb2 36. g4 Rb3 37. Ra5 Rc2 38. Ra1 Rbb2 39. Rf1 a2 40. h3 Kg7 41. Ra8 Kh7 42. Ra7 Kg6 43. Ra5 Rd2 44. Ra8 h5 45. Ra5 h4 46. Ra8 f5 47. Ra6+ f6 48. Ra5 f4 49. Ra3 f5 50. Ra6+ Kg5 51. Ra5 f3+ 52. Kxf3 Rb1 53. Kg2 Rxf1 54. Ra3 Rfxf2+ 0-1


[Site "https://www.chess.com"]

[Event "Titled Tuesday Blitz March 22 Late 2022"]
[White "Ardila, Oscar Humberto"]
[Black "Papp, Petra"]
[WhiteFideId "4404742"]
[BlackFideId "739049"]
[WhiteElo "1966"]
[BlackElo "2259"]
[Result "0-1"]
[Round "06"]
[TimeControl "180+1"]
[Date "2022.03.22"]
[WhiteClock "0:00:07"]
[BlackClock "0:00:08"]

1. d4 f5 2. c4 Nf6 3. Nc3 d6 4. Nf3 g6 5. g3 Bg7 6. Bg2 O-O 7. O-O c6 8. Qc2 Na6 9. e3 Qc7 10. a3 e5 11. dxe5 dxe5 12. b4 Be6 13. Nd2 e4 14. Bb2 Rad8 15. Rfd1 Ng4 16. c5 Ne5 17. Nb3 Nd3 18. Nd4 Bf7 19. Nce2 Nxb2 20. Qxb2 Qe7 21. Rd2 Nc7 22. Rad1 Nd5 23. Nf4 g5 24. Nxd5 Bxd5 25. Qc2 f4 26. a4 Rf7 27. b5 Rdf8 28. bxc6 bxc6 29. a5 h5 30. gxf4 gxf4 31. Kh1 f3 32. Bh3 Qh4 33. Be6 Be5 34. Rg1+ Kh8 35. Rg3 Rg7 36. Nf5 Rxf5 37. Bxf5 Bxg3 38. fxg3 Rxg3 39. Rf2 Rg7 40. Qb2 Qg5 41. Rf1 Qg2+ 42. Qxg2 fxg2+ 43. Kg1 gxf1=Q+ 44. Kxf1 Rf7 45. Ke2 Rxf5 46. Kd2 Rf2+ 0-1


[Site "https://www.chess.com"]